 Dungeon Crawl Stone Soup version 0.27.0-1-g7a089689b8 (webtiles) character file.

Game seed: 7964263446536804915

592 RepHenryClay the Fighter (level 7, -1/62 (63) HPs)
             Began as a Gnoll Wanderer on Aug 4, 2021.
             Was an Initiate of Okawaru.
             Slain by an orc (4 damage)
             ... on level 6 of the Dungeon on Aug 5, 2021.
             The game lasted 00:08:28 (6001 turns).

RepHenryClay the Fighter (Gnoll Wanderer)           Turns: 6001, Time: 00:08:28

HP:   -1/62 (63)    AC:  3    Str: 11    XL:     7   Next: 39%
MP:   12/12         EV: 12    Int:  9    God:    Okawaru [......]
Gold: 222           SH:  0    Dex: 16    Spells: 10/13 levels left

rFire    . . .     SeeInvis .   h - +0 dagger (venom)
rCold    . . .     Faith    .   (no shield)
rNeg     + . .     Spirit   .   b - +0 robe
rPois    .         Reflect  .   (no helmet)
rElec    .         Harm     .   p - +0 cloak
rCorr    .         Rampage  .   (no gloves)
Will     .....                  (no boots)
Stlth    ++........             (no amulet)
HPRegen  0.20/turn              g - ring of positive energy
MPRegen  0.13/turn              (no ring)

@: flying, lightly drained
A: fangs 1, strong nose, distributed training
a: Renounce Religion


You were on level 6 of the Dungeon.
You worshipped Okawaru.
Okawaru was noncommittal.
You visited 2 branches of the dungeon, and saw 7 of its levels.

You collected 222 gold pieces.

Inventory:

Hand Weapons
 a - a +0 dagger
 h - a +0 dagger of venom (weapon)
Missiles
 q - 2 atropa-tipped darts
Armour
 b - a +0 robe (worn)
 p - a +0 cloak (worn)
Jewellery
 g - a ring of positive energy (left hand)
Wands
 c - a wand of charming (13)
 f - a wand of iceblast (3)
Scrolls
 e - a scroll of immolation {unknown}
 j - 2 scrolls of noise {unknown}
 k - a scroll of amnesia {unknown}
 o - a scroll of holy word {unknown}
 r - 3 scrolls of identify {unknown}
 s - a scroll of blinking {unknown}
 t - a scroll of magic mapping {unknown}
Potions
 l - 2 potions of flight
 m - a potion of resistance
 u - a potion of cancellation


   Skills:
 + Level 8.9 Fighting
 + Level 2.4 Short Blades
 + Level 2.4 Long Blades
 + Level 2.4 Axes
 + Level 2.4 Maces & Flails
 + Level 2.4 Polearms
 + Level 2.4 Staves
 + Level 2.4 Slings
 + Level 2.4 Bows
 + Level 2.4 Crossbows
 + Level 2.4 Throwing
 + Level 2.4 Armour
 + Level 2.4 Dodging
 + Level 3.4 Stealth
 + Level 2.4 Shields
 + Level 2.4 Unarmed Combat
 + Level 3.8 Spellcasting
 + Level 4.3 Conjurations
 + Level 2.0 Hexes
 + Level 2.0 Summonings
 + Level 2.0 Necromancy
 + Level 2.0 Translocations
 + Level 2.0 Transmutations
 + Level 2.0 Fire Magic
 + Level 2.0 Ice Magic
 + Level 2.0 Air Magic
 + Level 2.0 Earth Magic
 + Level 2.0 Poison Magic
 + Level 2.7 Invocations
 + Level 5.2 Evocations


You had 10 spell levels left.
You knew the following spells:

 Your Spells              Type           Power      Damage    Failure   Level
a - Magic Dart            Conj           36%        1d4       4%          1
b - Corpse Rot            Necr/Air       N/A        N/A       19%         2

Your spell library contained the following spells:

 Spells                   Type           Power      Damage    Failure   Level
 Static Discharge         Conj/Air       7%         N/A       12%         2
 Conjure Flame            Conj/Fire      7%         6-21      22%         3
 Tukima's Dance           Hex            5%         N/A       36%         3
 Passage of Golubria      Tloc           N/A        N/A       77%         4
 Summon Ice Beast         Ice/Summ       5%         N/A       77%         4
 Summon Mana Viper        Hex/Summ       5%         N/A       98%         5
 Yara's Violent Unravell  Hex/Tmut       2%         3d3       98%         5
 Monstrous Menagerie      Summ           2%         N/A       100%        7


Dungeon Overview and Level Annotations

Branches:
Dungeon (6/15)             Temple (1/1) D:4

Altars:
Cheibriados
Fedhas
Gozag
Hepliaklqana
Makhleb
Nemelex Xobeh
Okawaru
Qazlal
Ru
Sif Muna
Uskayaw
Vehumet
Wu Jian
The Shining One

Annotations:
D:6 Prince Ribbit


Innate Abilities, Weirdness & Mutations

You have very sharp teeth.
Your uncanny sense of smell can sniff out nearby items.
Your experience applies equally to all skills.


Message History

t - Bark!
Orders for allies: a - Attack new target. p - Attack previous target. r - Retreat! s - Stop attacking. g - Guard the area. f - Follow me.
Anything else - Cancel.
Gang up on whom?
Press: ? - help, Dir - move target, f/p - Prince Ribbit
Aim: Prince Ribbit Attack!
Prince Ribbit hits your gnoll.
Your gnoll hits Prince Ribbit with a +0 spear!
Prince Ribbit hits your gnoll.
Your gnoll closely misses Prince Ribbit.
Prince Ribbit blinks!
You start resting.
Your gnoll closely misses Prince Ribbit.
Your gnoll misses Prince Ribbit.
Prince Ribbit closely misses your gnoll.
An orc comes into view. It is wielding a +0 flail.
Prince Ribbit blinks!
The orc barely misses your gnoll.
Your gnoll closely misses Prince Ribbit.
An orc comes into view.
It is wielding a +0 flail of holy wrath.
Prince Ribbit closely misses you. The orc barely misses your gnoll.
You hit Prince Ribbit.
Prince Ribbit is poisoned.
Prince Ribbit is moderately wounded.
Your gnoll misses Prince Ribbit. Prince Ribbit hits you!!
* * * LOW HITPOINT WARNING * * *
Unknown command.
You swap places.
The orc closely misses you. Prince Ribbit hits your gnoll!
Your gnoll dies!
You completely miss the orc. The orc misses you. Prince Ribbit hits you.
* * * LOW HITPOINT WARNING * * *
Unknown command.
Okay, then.
Okay, then.
Okay, then.
As you read the scroll labelled POISTR LOCI, it crumbles to dust.
The scroll dissolves into smoke.
It was a scroll of fog.
The orc hits you with a +0 flail.
You die...

##....####
#######..........
#.....#.....#####
#.###.#..#.## #.#
#....#.####
#.###.........#
#.....##...##.#
###.§####..##
#...§F@oo...#
#.#.§####...#
#.#..# #...#
#.#..# #.....
#.#..# ##..##..
#.#..) ).. ..
#.#...# ..<. .
#.#...# ..... #>#


You could see Prince Ribbit (very poisoned) and 2 orcs.

Vanquished Creatures
  A black bear (D:4)
  2 scorpions (D:4)
  2 gnoll shamans
  2 hounds
  An iguana (D:6)
  Ijyb (D:3)
  8 gnolls
  2 adders (D:2)
  An adder skeleton (D:4)
  A worm (D:2)
  5 dart slugs
  6 orcs
  7 endoplasms
  3 giant cockroaches (D:4)
  4 goblins
  11 hobgoblins
  7 jackals
  2 quokkas
  9 ball pythons
  4 bats
  6 frilled lizards
  12 kobolds
  5 rats
102 creatures vanquished.

Vanquished Creatures (others)
  A sky beast (D:6)
  A gnoll (D:6)
  A butterfly (D:6)
  5 plants (D:1)
  12 withered plants (D:1)
20 creatures vanquished.

Grand Total: 122 creatures vanquished

Notes
Turn   | Place    | Note
-------+----------+-------------------------------------------
     0 | D:1      | RepHenryClay the Gnoll Wanderer began the quest for the
                  | Orb.
     0 | D:1      | RepHenryClay set off with the following items: a +0 dagger,
                  | a +0 robe, a wand of charming (15); and the following spell
                  | memorised: Magic Dart; and the following spells available
                  | to memorise: Static Discharge, Conjure Flame, Corpse Rot
     0 | D:1      | Reached XP level 1. HP: 26/26 MP: 4/4
   253 | D:1      | Reached XP level 2. HP: 30/33 MP: 5/5
   286 | D:1      | Found a faded altar of an unknown god.
  1008 | D:1      | Reached XP level 3. HP: 34/38 MP: 7/7
  1409 | D:2      | Reached skill level 1 in Invocations
  1849 | D:2      | Reached skill level 1 in Short Blades
  1849 | D:2      | Reached skill level 1 in Long Blades
  1849 | D:2      | Reached skill level 1 in Axes
  1849 | D:2      | Reached skill level 1 in Maces & Flails
  1849 | D:2      | Reached skill level 1 in Polearms
  1849 | D:2      | Reached skill level 1 in Staves
  1849 | D:2      | Reached skill level 1 in Slings
  1849 | D:2      | Reached skill level 1 in Bows
  1849 | D:2      | Reached skill level 1 in Crossbows
  1849 | D:2      | Reached skill level 1 in Throwing
  1849 | D:2      | Reached skill level 1 in Armour
  1849 | D:2      | Reached skill level 1 in Dodging
  1849 | D:2      | Reached skill level 1 in Shields
  1849 | D:2      | Reached skill level 1 in Unarmed Combat
  2089 | D:2      | Reached XP level 4. HP: 37/45 MP: 8/8
  2994 | D:3      | Reached skill level 1 in Hexes
  2994 | D:3      | Reached skill level 1 in Summonings
  2994 | D:3      | Reached skill level 1 in Necromancy
  2994 | D:3      | Reached skill level 1 in Translocations
  2994 | D:3      | Reached skill level 1 in Transmutations
  2994 | D:3      | Reached skill level 1 in Fire Magic
  2994 | D:3      | Reached skill level 1 in Ice Magic
  2994 | D:3      | Reached skill level 1 in Air Magic
  2994 | D:3      | Reached skill level 1 in Earth Magic
  2994 | D:3      | Reached skill level 1 in Poison Magic
  3051 | D:3      | Noticed Ijyb
  3070 | D:3      | Killed Ijyb
  3329 | D:3      | Found an opulent altar of Gozag.
  3440 | D:3      | Reached XP level 5. HP: 43/51 MP: 9/9
  4086 | D:4      | Reached XP level 6. HP: 57/57 MP: 10/10
  4090 | D:4      | Noticed a black bear
  4106 | D:4      | Killed a black bear
  4107 | D:4      | Reached skill level 5 in Evocations
  4612 | D:4      | Found a staircase to the Ecumenical Temple.
  4628 | Temple   | Entered the Ecumenical Temple
  4683 | Temple   | Became a worshipper of Warmaster Okawaru
  4742 | D:5      | Entered Level 5 of the Dungeon
  4841 | D:5      | Noticed a necrophage
  5221 | D:5      | Reached XP level 7. HP: 51/57 MP: 12/12
  5815 | D:6      | Learned a level 2 spell: Corpse Rot
  5976 | D:6      | Noticed Prince Ribbit
  6000 | D:6      | HP: 3/62 [Prince Ribbit (6)]
  6001 | D:6      | Slain by an orc

Illustrated notes

Levels and vault maps discovered:
D:1:      moated_graveyard_arrival, layout_basic,
          shapermc_ecumenical_altar_flowoftime, wad_floor_pattern_untrapped,
          minmay_misc_feat_square
D:2:      minmay_chambers_of_twos, layout_basic
D:3:      layout_basic, nicolae_gozag_cash_rules_everything_around_me, uniq_ijyb
D:4:      layout_gridville, minmay_temple_entry_purple_smoke
D:5:      layout_loops_ring, hellmonk_bongcloud_opening
D:6:      layout_loops_ring, grunt_temple_overflow_order_and_chaos_1,
          nicolae_elyvilon_peaceful_grove, lemuel_flame_loot_1,
          uniq_prince_ribbit1
Temple:   compressed_dpeg_circular_temple

Skill      XL: |  1  2  3  4  5  6  7 |
---------------+----------------------+-----
Invocations    | 1 2 |  2.7
Short Blades   | 1 2 |  2.4
Long Blades    | 1 2 |  2.4
Axes           | 1 2 |  2.4
Maces & Flails | 1 2 |  2.4
Polearms       | 1 2 |  2.4
Staves         | 1 2 |  2.4
Slings         | 1 2 |  2.4
Bows           | 1 2 |  2.4
Crossbows      | 1 2 |  2.4
Throwing       | 1 2 |  2.4
Armour         | 1 2 |  2.4
Dodging        | 1 2 |  2.4
Shields        | 1 2 |  2.4
Unarmed Combat | 1 2 |  2.4
Spellcasting   | 3 |  3.8
Hexes          | 1 2 |  2.0
Summonings     | 1 2 |  2.0
Necromancy     | 1 2 |  2.0
Translocations | 1 2 |  2.0
Transmutations | 1 2 |  2.0
Fire Magic     | 1 2 |  2.0
Ice Magic      | 1 2 |  2.0
Air Magic      | 1 2 |  2.0
Earth Magic    | 1 2 |  2.0
Poison Magic   | 1 2 |  2.0
Conjurations   | 4 |  4.3
Stealth        | 3 |  3.4
Evocations     | 5 |  5.2
Fighting       | |  8.9

Action                   |  1- 3 |  4- 6 |  7- 9 || total
-------------------------+-------+-------+-------++-------
Melee: Dagger            |   113 |   195 |    78 ||   386
       Bite              |    13 |    22 |     5 ||    40
       Punch             |       |     2 |       ||     2
Evoke: Wand              |       |       |     2 ||     2
  Use: Potion            |       |     4 |     3 ||     7
       Scroll            |       |       |     1 ||     1
 Stab: Sleeping          |    10 |       |       ||    10
       Distracted        |       |     1 |       ||     1
Armor: Robe              |    14 |    24 |     4 ||    42
Dodge: Dodged            |    62 |   112 |    28 ||   202
